 Dungeon Crawl Stone Soup version 0.28-a0-1038-g9c4cb8273d (webtiles) character file.

Game seed: 17356539028729534106

473 garbled the Sneak (level 7, 0/24 (36) HPs)
             Began as a Vine Stalker Brigand on Dec 8, 2021.
             Was a Priest of Lugonu.
             Slain by Edmund (4 damage)
             ... on level 4 of the Dungeon.
             The game lasted 00:06:38 (2593 turns).

garbled the Sneak (Vine Stalker Brigand)            Turns: 2593, Time: 00:06:42

HP:   0/24 (36)     AC:  5    Str: 13    XL:     7   Next: 10%
MP:   0/3           EV: 14    Int: 11    God:    Lugonu [***...]
Gold: 14            SH: 10    Dex: 18    Spells: 11/11 levels left

rFire   . . .      SeeInvis .   u - +3 trident (antimagic)
rCold   + . .      Faith    .   f - +2 kite shield {rN+}
rNeg    + . .      Spirit   +   p - +0 robe {rC+}
rPois   .          Reflect  .   (no helmet)
rElec   .          Harm     .   k - +2 cloak
rCorr   .          Rampage  .   (no gloves)
Will    .....                   (no boots)
Stlth   +++.......              (no amulet)
HPRegen 0.88/turn               l - +4 ring of evasion
MPRegen 0.08/turn               (no ring)

@: very heavily drained
A: fangs 2, regeneration 1, magic shield, antimagic bite, no potion heal 2
a: Renounce Religion, Depart the Abyss, Bend Space, Banish


You were on level 4 of the Dungeon.
You worshipped Lugonu.
Lugonu was most pleased with you.
You visited 1 branch of the dungeon, and saw 4 of its levels.

You collected 95 gold pieces.
You spent 81 gold pieces at shops.

Inventory:

Hand Weapons
 a - a +2 dagger
 u - a +3 antimagic trident (weapon)
Missiles
 d - 8 poisoned darts (quivered)
 e - 2 curare-tipped darts
Armour
 c - a +0 cloak
 f - a +2 kite shield of positive energy (worn)
 k - a +2 cloak (worn)
 p - a +0 robe of cold resistance (worn)
Jewellery
 l - a +4 ring of evasion (left hand)
 m - a ring of resist corrosion
Scrolls
 g - a scroll of fog
 j - a scroll of holy word
Potions
 h - a potion of lignification
 i - 2 potions of attraction {unknown}
 n - 2 potions of brilliance
 o - a potion of cancellation {unknown}
 q - a potion of mutation {unknown}
 s - a potion of degeneration {unknown}


   Skills:
 + Level 3.0 Fighting
 - Level 3.6 Short Blades
 * Level 1.4 Polearms
 - Level 1.7 Throwing
 + Level 2.2 Dodging
 - Level 4.8 Stealth
 + Level 1.0 Shields
 + Level 2.5 Spellcasting
 + Level 2.6 Invocations


You had 11 spell levels left.
You didn't know any spells.
Your spell library contained the following spells:

 Spells                   Type           Power      Damage    Failure   Level
 Iskenderun's Mystic Bla  Conj/Tloc      1%         2d3       100%        4
 Blade Hands              Tmut           0%         N/A       100%        5
 Dispersal                Tloc           0%         N/A       100%        6


Dungeon Overview and Level Annotations

Branches:
Dungeon (4/15)
 Temple: D:4-7

Altars:
Cheibriados
Makhleb
The Shining One
Lugonu

Shops:
D:4 *

Annotations:
D:3 3 runed translucent doors, rougesareth's ghost, amateur GrFi
D:4 Edmund


Innate Abilities, Weirdness & Mutations

You have extremely sharp teeth.
Your natural rate of healing is unusually fast.
When hurt, damage is shared between your health and your magic reserves.
Your bite disrupts and absorbs the magic of your enemies.
Potions cannot restore your health.


Message History

You block Edmund's attack.
You hit Edmund.
Edmund is heavily wounded.
Edmund hits you with a +4 flail of draining.
You partially resist.
You feel drained.
Edmund hits you with a +4 flail of draining!
You partially resist.
You feel drained.
You closely miss Edmund.
Edmund is heavily wounded.
You block Edmund's attack.
You closely miss Edmund. Your bite misses Edmund.
Edmund is heavily wounded.
Edmund hits you with a +4 flail of draining.
You partially resist.
You feel drained.
Edmund hits you with a +4 flail of draining.
You partially resist.
You feel drained.
You hit Edmund. Your bite misses Edmund.
Edmund is heavily wounded.
Edmund hits you with a +4 flail of draining.
You partially resist.
You feel drained.
You hit Edmund.
Edmund is heavily wounded.
Edmund says, "Everyone always remembers my brother. 'Who's Edmund?' they ask!"
Edmund drinks a potion.
Edmund is healed!
You block Edmund's attack.
You hit Edmund but do no damage. You bite Edmund, but do no damage.
You block Edmund's attack.
You completely miss Edmund. You bite Edmund, but do no damage.
You block Edmund's attack. x2
You hit Edmund but do no damage. You block Edmund's attack.
You puncture Edmund! You bite Edmund, but do no damage.
Edmund is lightly wounded.
Edmund hits you with a +4 flail of draining!
You partially resist.
You feel drained.
You hit Edmund. Your bite misses Edmund.
Edmund is moderately wounded.
Edmund hits you with a +4 flail of draining!
* * * LOW HITPOINT WARNING * * *
You partially resist.
You feel drained.
Edmund hits you with a +4 flail of draining.
You die...

##.............#
#.#...............
#.#.....(.....##..
#.#...........#
#.#...........##..
#.#>.......)......
#.#.####.......#.#
#@#.# #.......# #
#####@#.# #.......#
#.....#.####.......#
#.#........#.......#
#.###....#.......#
#. #....#.......# #.
##....#.......# #
##.....## ## #
#..≈≈≈..# ... #
#.≈≈≈≈≈.# .... #


You could see Edmund.

Vanquished Creatures
  Sigmund (D:2)
  A phantom (D:4)
  A hound (D:4)
  Crazy Yiuf (D:3)
  An orc priest (D:3)
  A hound skeleton (D:4)
  3 gnolls (D:4)
  3 adders
  A white imp (D:4)
  An ufetubus (D:4)
  3 worms (D:3)
  2 dart slugs
  4 orcs (D:3)
  5 bats
  4 endoplasms
  3 giant cockroaches (D:3)
  3 goblins
  8 hobgoblins
  3 kobolds
  A quokka (D:2)
  5 ball pythons
  3 frilled lizards
  6 rats
64 creatures vanquished.

Notes
Turn   | Place    | Note
-------+----------+-------------------------------------------
     0 | D:1      | garbled the Vine Stalker Brigand began the quest for the
                  | Orb.
     0 | D:1      | Reached XP level 1. HP: 11/11 MP: 2/2
    35 | D:1      | Found a faded altar of an unknown god.
    39 | D:1      | Prayed at the altar of an unknown god.
    39 | D:1      | Became a worshipper of Lugonu the Unformed
    39 | D:1      | Reached * piety under Lugonu
    39 | D:1      | Reached ** piety under Lugonu
   113 | D:1      | Got the Collected Works on the Shifting Voyage
   286 | D:1      | Reached XP level 2. HP: 3/15 MP: 3/3
   709 | D:1      | Reached skill level 1 in Dodging
   947 | D:2      | Reached XP level 3. HP: 17/18 MP: 3/5
   990 | D:2      | Reached skill level 1 in Invocations
  1072 | D:2      | Reached skill level 1 in Spellcasting
  1214 | D:2      | Found a glowing golden altar of the Shining One.
  1222 | D:2      | Noticed Sigmund
  1230 | D:2      | Killed Sigmund
  1231 | D:2      | Gained mutation: Your natural rate of healing is unusually
                  | fast. [Vine Stalker growth]
  1231 | D:2      | Reached XP level 4. HP: 23/23 MP: 5/7
  1231 | D:2      | Reached XP level 5. HP: 27/27 MP: 5/8
  1523 | D:3      | Found a burning altar of Makhleb.
  1569 | D:3      | Reached XP level 6. HP: 32/32 MP: 9/9
  1586 | D:3      | Reached *** piety under Lugonu
  1686 | D:3      | Found a snail-covered altar of Cheibriados.
  1703 | D:3      | Found a runed translucent gate.
  1708 | D:3      | Found a runed translucent gate.
  1708 | D:3      | Found a runed translucent gate.
  1709 | D:3      | Noticed rougesareth's ghost (amateur GrFi)
  2085 | D:3      | Identified a scroll of acquirement
  2085 | D:3      | Acquired a +2 kite shield of positive energy
  2311 | D:3      | Found a runed translucent door.
  2312 | D:3      | Noticed Crazy Yiuf
  2317 | D:3      | Killed Crazy Yiuf
  2456 | D:4      | Reached skill level 1 in Polearms
  2515 | D:4      | Reached XP level 7. HP: 20/36 MP: 3/11
  2525 | D:4      | Reached skill level 1 in Shields
  2556 | D:4      | Found Xiotot's Assorted Antiques.
  2566 | D:4      | Bought a scroll of identify for 56 gold pieces
  2566 | D:4      | Bought a grey potion for 25 gold pieces
  2577 | D:4      | Noticed Edmund
  2593 | D:4      | Slain by Edmund

Illustrated notes

Levels and vault maps discovered:
D:1:      lemuel_arrival_broad_hall, layout_loops_cross,
          shapermc_ecumenical_altar_venn
D:2:      layout_rooms, basic_altar, uniq_sigmund
D:3:      layout_loops_ring, bloody_makhleb, nicolae_overflow_crystal_walls,
          gammafunk_ghost_split, hangedman_glass_teeth, chequers_avenue,
          uniq_crazy_yiuf_cottage
D:4:      minmay_general_purpose_star, layout_basic, lemuel_doored_altar,
          serial_shops, nicolae_lakefront_shop, uniq_edmund, uniq_menkaure,
          uniq_eustachio

Skill      XL: |  1  2  3  4  5  6  7 |
---------------+----------------------+-----
Short Blades   | 2 3 |  3.6
Dodging        | 1 2 |  2.2
Fighting       | 2 3 |  3.0
Invocations    | 2 |  2.6
Spellcasting   | 1 2 |  2.5
Polearms       | 1 |  1.4
Shields        | 1 |  1.0
Throwing       | |  1.7
Stealth        | |  4.8

Action                   |  1- 3 |  4- 6 |  7- 9 || total
-------------------------+-------+-------+-------++-------
Melee: Dagger            |    63 |    74 |       ||   137
       Bite              |    16 |    24 |    10 ||    50
       Trident           |       |    28 |    22 ||    50
  Use: Scroll            |       |     7 |     1 ||     8
 Stab: Sleeping          |     9 |    14 |     1 ||    24
       Distracted        |     1 |     1 |       ||     2
Armor: Robe              |     5 |    14 |     2 ||    21
Dodge: Dodged            |    33 |    47 |    13 ||    93
Block: Kite shield       |       |    15 |    14 ||    29

Table legend: (Time is in decaauts)
 A = Elapsed time spent in this place.
 B = Non-inter-level travel time spent in this place.
 C = Inter-level travel time spent in this place.
 D = Time resting spent in this place.
 E = Time spent auto-exploring this place.
 F = Levels seen in this place.
 G = Mean time per level.
                   A        B        C        D        E       F      G
               +--------+--------+--------+--------+--------+-----+--------+
         Total |   2597 |   2516 |     81 |      0 |   1921 |   4 |  649.2 |
       Dungeon |   2597 |   2516 |     81 |      0 |   1921 |   4 |  649.2 |
               +--------+--------+--------+--------+--------+-----+--------+

Top non-repeatable levels by time:
     D:3: 981 daAuts
     D:1: 933 daAuts
     D:2: 515 daAuts
     D:4: 167 daAuts
